 Dungeon Crawl Stone Soup version 0.29-a0-380-gf50f0a9fbc (webtiles) character file.

Game seed: 10975675920379870043

116 ryw the Skirmisher (level 4, 0/39 HPs)
             Began as a Demonspawn Monk on May 5, 2022.
             Slain by a goblin
             ... wielding a +0 club
             ... led by Robin
              (6 damage)
             ... on level 3 of the Dungeon.
             The game lasted 00:04:51 (2844 turns).

ryw the Skirmisher (Demonspawn Monk)                Turns: 2844, Time: 00:04:51

Health: 0/39       AC:  2    Str: 20    XL:     4   Next: 70%
Magic:  4/4        EV: 12    Int: 11    God:
Gold:   205        SH:  0    Dex: 15    Spells: 3/3 levels left

rFire   . . .      SeeInvis .   n - +0 battleaxe
rCold   . . .      Faith    +   (shield currently unavailable)
rNeg    . . .      Spirit   .   a - +0 robe
rPois   .          Reflect  .   (no helmet)
rElec   .          Harm     .   (no cloak)
rCorr   .          Rampage  .   (no gloves)
Will    .....                   (no boots)
Stlth   ++........              b - amulet of faith
HPRegen 0.13/turn               o - +6 ring of strength
MPRegen 0.09/turn               (no ring)

@: no status effects
A: spiny 2
a: no special abilities


You were on level 3 of the Dungeon.
You visited 1 branch of the dungeon, and saw 3 of its levels.

You collected 205 gold pieces.

Inventory:

Hand Weapons
 g - a +0 morningstar
 n - a +0 battleaxe (weapon)
Armour
 a - a +0 robe (worn)
Jewellery
 b - an amulet of faith (around neck)
 o - a +6 ring of strength (left hand)
Scrolls
 c - 4 scrolls of identify {unknown}
 d - 3 scrolls of enchant armour {unknown}
 h - 2 scrolls of teleportation {unknown}
 i - 3 scrolls of fog {unknown}
Potions
 e - a potion of resistance {unknown}
 f - a potion of heal wounds {unknown}
 j - a potion of cancellation {unknown}
 k - a potion of curing {unknown}
 l - a potion of attraction {unknown}
 m - a potion of mutation {unknown}


   Skills:
 + Level 5.1 Fighting
 + Level 0.2(0.5) Axes
 - Level 0.7(0.8) Maces & Flails
 + Level 0.9 Armour
 - Level 2.6 Dodging
 - Level 1.7 Stealth
 - Level 2.6 Unarmed Combat


You had 3 spell levels left.
You didn't know any spells.
Your spell library contained the following spells:

 Spells                   Type           Power      Damage    Failure   Level
 Beastly Appendage        Tmut           0%         N/A       34%         1
 Blink                    Tloc           0%         N/A       47%         2
 Lesser Beckoning         Tloc           0%         N/A       71%         3
 Summon Guardian Golem    Hex/Summ       0%         N/A       71%         3
 Manifold Assault         Tloc           0%         N/A       100%        5
 Orb of Destruction       Conj           0%         9d5       100%        7
 Spellforged Servitor     Conj/Summ      0%         N/A       100%        7


Dungeon Overview and Level Annotations

Branches:
Dungeon (3/15)

Altars:

Annotations:
D:3 Natasha, Robin


Innate Abilities, Weirdness & Mutations

You are mostly covered in sharp spines.


Message History

The orc is lightly wounded.
The orc hits you with a +0 hand axe. The orc is struck by your spines.
The orc barely misses you.
Unknown command.
You hit the orc.
You kill the orc!
The goblin closely misses you.
Unknown command.
You closely miss the goblin. The goblin is struck by your spines.
You kill the goblin!
Robin throws the goblin at you!
The goblin unwields a +0 dagger.
The goblin wields a +0 hunting sling.
The goblin shoots a sling bullet.
The sling bullet misses you.
The sling bullet hits the goblin.
The goblin barely misses you.
You hit the goblin.
You kill the goblin!
Robin throws the goblin at you! The goblin is struck by your spines.
You kill the goblin!
Natasha casts a spell.
The goblin shoots a sling bullet.
The sling bullet hits you.
Robin roars a battlecry!
The goblins go into a battle-frenzy!
The goblin shoots a sling bullet.
The sling bullet hits you.
You hear a shout!
Robin throws the goblin at you! The goblin is struck by your spines.
The goblin barely misses you.
The goblin unwields a +0 hunting sling.
The goblin wields a +0 dagger.
The goblin is struck by your spines.
You kill the goblin!
Items here: )))) [ †††.
Unknown command.
Unknown command.
You closely miss the goblin.
The goblin is severely wounded.
The goblin hits you with a +0 club. Natasha is struck by your spines.
Natasha claws you!
* * * LOW HITPOINT WARNING * * *
Robin hits you from afar with a +0 trident.
* * * LOW HITPOINT WARNING * * *
The goblin hits you with a +0 club.
You die...

#...............##.#
#..<.......(....##.##
...#####...............##..#
#....†...............>###.#
##........................#
#.####.#.....g......######
#. #.###..gg5...### ###
#..##.##h###.## ....
##.#..##@# #..######..#
#...###g# ##.†......# ##..##
#)# ###...####
..###....###.### #..#†#
#......#.......###.##.##
####.....##.#..#..##..####
#.....##.##...####....###
##.######.###.......##...#
###..# ##.# ##.####.####.#


You could see Robin, Natasha, a shadow imp (summoned), a hobgoblin (strong) and
2 goblins.

Vanquished Creatures
  4 adders
  A worm (D:2)
  2 dart slugs (D:1)
  An orc (D:3)
  7 ball pythons
  An endoplasm (D:2)
  3 giant cockroaches
  8 goblins
  9 hobgoblins
  3 jackals (D:3)
  3 quokkas
  3 bats
  14 frilled lizards
  6 kobolds
  6 rats
71 creatures vanquished.

Vanquished Creatures (others)
  4 fungi (D:3)
  17 plants
21 creatures vanquished.

Grand Total: 92 creatures vanquished

Notes
Turn   | Place    | Note
-------+----------+-------------------------------------------
     0 | D:1      | ryw the Demonspawn Monk began the quest for the Orb.
     0 | D:1      | Reached XP level 1. HP: 18/18 MP: 1/1
    86 | D:1      | Gained mutation: You are partially covered in sharp spines.
                  | [demonic ancestry]
    86 | D:1      | Reached XP level 2. HP: 12/24 MP: 2/2
   471 | D:1      | Reached skill level 4 in Fighting
   971 | D:2      | Reached XP level 3. HP: 30/30 MP: 3/3
  1877 | D:2      | Gained mutation: You are mostly covered in sharp spines.
                  | [demonic ancestry]
  1877 | D:2      | Reached XP level 4. HP: 34/38 MP: 4/4
  2317 | D:3      | Noticed Natasha
  2371 | D:3      | Reached skill level 5 in Fighting
  2716 | D:3      | Found a faded altar of an unknown god.
  2724 | D:3      | Got Plato's Compendium of Shape Shifting
  2834 | D:3      | Noticed Robin
  2844 | D:3      | Slain by a goblin

Illustrated notes

Levels and vault maps discovered:
D:1:      amcnicky_arrival_choice, layout_basic, minmay_misc_feat_four_crosses
D:2:      cheibrodos_old_hovel, layout_basic, serial_bayou, serial_bayou_ford_a,
          serial_bayou_shore_b, serial_bayou_lagoon_a, serial_bayou_pond_e,
          skrybe_limestone_x, minmay_lizard_king
D:3:      layout_rooms, shapermc_ecumenical_altar_rom_forum,
          corexii_leaking_fountain, uniq_robin, uniq_natasha

Skill      XL: |  1  2  3  4 |
---------------+-------------+-----
Fighting       | 4 5 |  5.1
Axes           | |  0.2
Maces & Flails | |  0.7
Armour         | |  0.9
Dodging        | |  2.6
Stealth        | |  1.7
Unarmed Combat | |  2.6

Action                   |  1- 3 |  4- 6 || total
-------------------------+-------+-------++-------
Melee: Unarmed           |    82 |       ||    82
       Punch             |     3 |     1 ||     4
       Morningstar       |    19 |    21 ||    40
       Battleaxe         |       |    15 ||    15
Throw: Boomerang         |    24 |       ||    24
  Use: Potion            |     1 |       ||     1
 Stab: Sleeping          |     6 |     1 ||     7
Armor: Robe              |    13 |     7 ||    20
Dodge: Dodged            |    50 |    27 ||    77

Table legend: (Time is in decaauts)
 A = Elapsed time spent in this place.
 B = Non-inter-level travel time spent in this place.
 C = Inter-level travel time spent in this place.
 D = Time resting spent in this place.
 E = Time spent auto-exploring this place.
 F = Levels seen in this place.
 G = Mean time per level.
                   A        B        C        D        E       F      G
               +--------+--------+--------+--------+--------+-----+--------+
         Total |   2895 |   2773 |    122 |    298 |   1934 |   3 |  965.0 |
       Dungeon |   2895 |   2773 |    122 |    298 |   1934 |   3 |  965.0 |
               +--------+--------+--------+--------+--------+-----+--------+

Top non-repeatable levels by time:
     D:2: 1569 daAuts
     D:1: 819 daAuts
     D:3: 506 daAuts
